 Dungeon Crawl Stone Soup version 0.29.0-4-gdea44cf6ec (webtiles) character file.

Game seed: 17392860067163297959

56 qw the Chopper (level 3, -1/21 HPs)
             Began as a Tengu Warper on Aug 28, 2022.
             Slain by an iguana (10 damage)
             ... on level 3 of the Dungeon.
             The game lasted 00:00:12 (2649 turns).

qw the Chopper (Tengu Warper)                       Turns: 2649, Time: 00:00:13

Health: -1/21      AC:  5    Str: 18 (19) XL:     3   Next: 97%
Magic:  7/7        EV: 11    Int: 12 (13) God:
Gold:   199        SH:  0    Dex: 11 (13) Spells: 6/6 levels left

rFire   . . .      SeeInvis .   Y - +1 hand axe
rCold   . . .      Faith    .   (no shield)
rNeg    . . .      Spirit   .   j - +0 ring mail
rPois   .          Reflect  .   (helmet restricted)
rElec   .          Harm     .   (no cloak)
rCorr   .          Rampage  .   (no gloves)
Will    .....                   (boots unavailable)
Stlth   +.........              (no amulet)
HPRegen 0.07/turn               a - +6 ring of strength
MPRegen 0.10/turn               (no ring)

@: no status effects
A: beak, talons 3
a: no special abilities


You were on level 3 of the Dungeon.
You visited 1 branch of the dungeon, and saw 3 of its levels.

You collected 199 gold pieces.


Innate Abilities, Weirdness & Mutations

You have a beak for a mouth.
You have claws for feet.


   Skills:
 - Level 2.0 Fighting
 + Level 4.5 Axes
 - Level 1.0 Throwing
 - Level 1.1 Armour
 - Level 2.1 Dodging
 - Level 2.0 Spellcasting
 - Level 2.4 Translocations


You had 6 spell levels left.
You didn't know any spells.
Your spell library contained the following spells:

 Spells                   Type           Power      Damage    Failure   Level
 Blink                    Tloc           12%        N/A       28%         2
 Gell's Gravitas          Tloc           6%         N/A       50%         3
 Lesser Beckoning         Tloc           6%         N/A       50%         3
 Teleport Other           Tloc           6%         N/A       50%         3
 Manifold Assault         Tloc           6%         N/A       99%         5

Inventory:

Hand Weapons
 k - a +0 whip
 Y - a +1 hand axe (weapon)
Missiles
 b - 5 silver boomerangs (quivered)
Armour
 j - a +0 ring mail (worn)
Jewellery
 a - a +6 ring of strength (left hand)
Scrolls
 c - a scroll of brand weapon {unknown}
 g - 3 scrolls of teleportation
 m - 2 scrolls of identify
Potions
 d - a potion of cancellation {unknown}
 f - a potion of heal wounds {unknown}
 h - 2 potions of curing
 i - a potion of ambrosia {unknown}
 n - a potion of mutation {unknown}

Dungeon Overview and Level Annotations

Branches:
Dungeon (3/15)

Altars:

Portals:
Abyss: D:3

Annotations:
D:3 2 transporters, qw's ghost, amateur TeWr


Message History

Found a stone staircase leading down.
d - a lumpy inky potion
Found a stone staircase leading up.
Enter note:
Enter note:
There is a stone staircase leading down here.
The kobold shouts!
There is a transporter here.
The shadow imp shouts, "Admit defeat, thou dankish motley-minded wastrel!"
m - 2 scrolls of identify (gained 1)
g - 3 scrolls of teleportation (gained 1)
You now have 199 gold pieces (gained 13).
You open the door.
There is an open door here.
As you open the door, it creaks loudly!
An iguana comes into view.
Enter note:
Enter note: You closely miss the iguana.
You peck the iguana, but do no damage. The iguana closely misses you.
You closely miss the iguana. You claw the iguana, but do no damage.
Your peck misses the iguana. The iguana bites you! The iguana bites you.
You hit the iguana.
The iguana is moderately wounded.
The iguana misses you.
You completely miss the iguana.
The iguana is moderately wounded.
The iguana closely misses you.
You barely miss the iguana. Your kick misses the iguana.
The iguana is moderately wounded.
The iguana barely misses you.
You closely miss the iguana.
The iguana is moderately wounded.
The iguana bites you but does no damage.
You closely miss the iguana. Your kick misses the iguana.
You peck the iguana, but do no damage.
The iguana is moderately wounded.
The iguana bites you!
You die...

##### ###############
......#.............#
........l@....#######.#
........#.###.## #.#
....... #.# #..######.#
...... #.# ##.##.....#
..#..####.#
#.##.#######
..........#
#....#.....#
..###...###
####...###.##
####'#########.........
#............#..####.##


You could see an iguana.

Vanquished Creatures
  2 adders (D:2)
  A worm (D:2)
  An orc (D:3)
  3 bats
  6 endoplasms
  2 giant cockroaches
  A goblin (D:1)
  2 hobgoblins
  4 jackals (D:1)
  A frilled lizard (D:2)
  4 kobolds
  5 rats
32 creatures vanquished.

Notes
Turn   | Place    | Note
-------+----------+-------------------------------------------
     0 | D:1      | qw the Tengu Warper began the quest for the Orb.
     0 | D:1      | Reached XP level 1. HP: 12/12 MP: 4/4
     0 | D:1      | 0 ||| qw: Version: 0.1-a-89-g26bdef1
     0 | D:1      | 0 ||| qw: Game counter: 1618
     0 | D:1      | 0 ||| qw: Always use a shield: true
     0 | D:1      | 0 ||| qw: God list: Okawaru
     0 | D:1      | 0 ||| qw: Allow faded altars: false
     0 | D:1      | 0 ||| qw: Do Orc after D:15 true
     0 | D:1      | 0 ||| qw: Do second Lair branch before Depths: true
     0 | D:1      | 0 ||| qw: Lair rune preference: random
     0 | D:1      | 0 ||| qw: Plans: Normal
     0 | D:1      | 0 ||| PLANNING D:1-11
   100 | D:1      | 100 ||| Stepping ~*~*~tactically~*~*~ (stealth).
   103 | D:1      | 103 ||| Stepping ~*~*~tactically~*~*~ (stealth).
   110 | D:1      | HP: 2/12 [jackal (2)]
   115 | D:1      | Reached skill level 3 in Axes
   115 | D:1      | Reached XP level 2. HP: 3/17 MP: 6/6
   836 | D:1      | 836 ||| DROPPING +0 club.
  1075 | D:1      | 1075 ||| UPGRADING to +0 ring mail.
  1085 | D:1      | 1085 ||| DROPPING +0 leather armour.
  1086 | D:1      | 1086 ||| READING scroll labelled DOHITAMNAW.
  1370 | D:1      | 1370 ||| UPGRADING to +6 ring of strength.
  1371 | D:1      | 1371 ||| READING scroll labelled SOMIACRAOPSE.
  1372 | D:1      | 1372 ||| READING scroll labelled ITODOIH LEVASU.
  1373 | D:1      | 1373 ||| DRINKING 2 fizzy yellow potions.
  1374 | D:1      | 1374 ||| DROPPING scroll of blinking.
  1416 | D:2      | 1416 ||| STAIRDANCE
  1491 | D:2      | Reached XP level 3. HP: 18/21 MP: 7/7
  1611 | D:2      | Reached skill level 4 in Axes
  2124 | D:2      | 2124 ||| READING scroll labelled YNALISKEOHE.
  2125 | D:2      | 2125 ||| READING scroll labelled QUKHEWOHOD.
  2126 | D:2      | 2126 ||| READING 3 scrolls labelled FADGHA QIRPHORA.
  2127 | D:2      | 2127 ||| DRINKING 2 glowing coppery potions.
  2128 | D:2      | 2128 ||| DROPPING potion of degeneration.
  2129 | D:2      | 2129 ||| DROPPING 2 scrolls of summoning.
  2130 | D:2      | 2130 ||| READING 3 scrolls of teleportation.
  2210 | D:3      | Found a transporter.
  2220 | D:3      | Found a transporter.
  2328 | D:3      | Found a one-way gate to the infinite horrors of the Abyss.
  2328 | D:3      | Noticed qw's ghost (amateur TeWr)
  2649 | D:3      | Slain by an iguana

Levels and vault maps discovered:
D:1:      wheals_arrival_linesprint, layout_basic, minmay_misc_feat_hallway,
          lemuel_flame_loot_1
D:2:      layout_rooms
D:3:      layout_basic, nicolae_gozag_seed_capital,
          gammafunk_ghost_abyssal_escape

Skill      XL: |  1  2  3 |
---------------+----------+-----
Axes           | 3 4 |  4.5
Fighting       | |  2.0
Throwing       | |  1.0
Armour         | |  1.1
Dodging        | |  2.1
Spellcasting   | |  2.0
Translocations | |  2.4

Action                   || total
-------------------------++-------
Melee: Hand axe          ||    78
       Peck              ||    11
       Kick              ||    11
       Punch             ||     1
Throw: Boomerang         ||    36
  Use: Scroll            ||     7
       Potion            ||     2
Armor: Leather armour    ||     6
       Ring mail         ||    10
Dodge: Dodged            ||    36

Table legend:
 A = Non-vault XP
 B = Vault XP
 C = Vault XP percentage of total XP
 D = Non-vault monster count
 E = Vault monster count
 F = Vault count percentage of total count
                 A         B        C        D         E       F
            +---------+---------+-------+---------+---------+-------
      Total |      81 |       0 |   0.0 |      32 |       0 |   0.0
            +---------+---------+-------+---------+---------+-------
        D:1 |      26 |       0 |   0.0 |      16 |       0 |   0.0
        D:2 |      47 |       0 |   0.0 |      12 |       0 |   0.0
        D:3 |       8 |       0 |   0.0 |       4 |       0 |   0.0
            +---------+---------+-------+---------+---------+-------
